Map: Eternal Empire LE

Players

Spaniard

  • Race: Zerg Zerg
  • Spawn Location: 7:00

ViBE - Winner!

  • Race: Zerg Zerg
  • League: Gold
  • Spawn Location: 1:00

VOD

Have the link to the VOD?

Description

Time

  • Played on: Dec. 8, 2019, 6:12 p.m.
  • Length: 11:20
Show
View Real Time Build Order
Export as new Build Order

Spaniard Zerg 

Build Orders: Pool First 

Get SALT Encoding   

  12  0:11  Overlord  
  12  0:29  Drone  
  12  0:30  Drone  
  12  0:31  Drone  
  15  0:43  Drone  
  16  0:51  Spawning Pool  
  16  0:56  Drone  
  16  1:23  Drone  
  17  1:28  Hatchery  
  16  1:39  Zergling x4  
  18  1:48  Drone  
  19  2:02  Hatchery  
  19  2:05  Drone x2  
  20  2:27  Extractor  
  19  2:35  Spine Crawler  
  18  2:39  Drone x3  
  20  2:49  Drone  
  20  3:00  Drone  
  20  3:01  Queen  
  23  3:11  Spine Crawler  
  22  3:21  Drone x3  
  25  3:42  Extractor  
  25  3:47  Spine Crawler  
  23  3:48  Drone  
  23  3:49  Drone x2  
  26  4:00  Spine Crawler, Drone x3  
  28  4:08  Lair  
  28  4:10  Drone  
  28  4:11  Drone x2  
  31  4:23  Spine Crawler  
  30  4:26  Spine Crawler  
  30  4:27  Queen  
  31  4:31  Drone  
  31  4:32  Drone  
  33  4:38  Drone  
  34  4:51  Spine Crawler  
  33  4:53  Extractor  
  33  4:57  Drone x2  
  34  5:16  Hydralisk Den  
  34  5:17  Overlord x3  
  33  5:30  Drone  
  33  5:35  Queen  
  36  5:37  Drone  
  36  5:38  Drone  
  38  5:47  Hydralisk x2  
  42  5:51  Hydralisk x2  
  42  5:52  Hydralisk  
  42  5:55  Hydralisk x2  
  52  6:10  Queen  
  54  6:20  Hydralisk x2  
  54  6:22  Overlord  
  58  6:26  Overlord x2  
  58  6:29  Overlord  
  58  7:00  Drone  
  58  7:01  Drone x2  
  61  7:06  Drone x3  
  64  7:25  Hydralisk x2  
  64  7:29  Grooved Spines  
  68  7:40  Evolution Chamber  
  53  7:56  Zergling x6  
  56  8:04  Zergling x6  
  59  8:13  Zerg Melee Weapons Level 1  
  59  8:24  Baneling Nest  
  58  8:32  Drone x2  
  60  8:41  Muscular Augments  
  60  8:42  Spine Crawler  
  59  9:11  Baneling x2  
  59  9:12  Baneling x4  
  59  9:18  Baneling x2  
  59  9:19  Baneling x4  
  59  9:23  Zergling x6  
  62  9:29  Zergling x2  
  62  9:30  Zergling x4  
  65  9:34  Zergling x6  
  66  9:43  Baneling x3  
  66  9:44  Baneling x3  
Show
View Real Time Build Order
Export as new Build Order

ViBE Zerg - Winner!

Build Orders: Hatch First 

Get SALT Encoding   

  12  0:01  Drone  
  13  0:14  Overlord  
  13  0:22  Drone  
  14  0:33  Drone x2  
  16  0:51  Hatchery  
  16  0:56  Drone  
  16  0:58  Drone  
  16  1:01  Drone  
  18  1:18  Spawning Pool  
  17  1:20  Drone  
  17  1:22  Drone  
  19  1:30  Drone  
  20  1:34  Extractor  
  19  1:44  Drone  
  20  1:55  Drone  
  21  2:05  Queen x2, Drone x2  
  27  2:19  Zergling x2  
  27  2:20  Overlord  
  28  2:23  Zergling x2, Spine Crawler  
  28  2:40  Zergling x4  
  28  2:43  Drone  
  30  2:48  Lair  
  30  2:49  Queen  
  30  2:50  Drone  
  30  2:51  Drone  
  34  3:01  Drone  
  34  3:02  Drone  
  36  3:08  Overlord  
  36  3:17  Overlord  
  36  3:25  Overlord  
  36  3:28  Drone x7  
  43  3:36  Roach Warren  
  43  3:39  Drone  
  43  3:40  Evolution Chamber  
  42  3:42  Drone  
  43  3:53  Drone x2  
  45  3:59  Drone  
  45  4:00  Drone x3  
  45  4:01  Drone  
  50  4:04  Extractor x2  
  50  4:08  Drone x3  
  51  4:19  Roach x2  
  55  4:25  Hatchery  
  55  4:26  Overlord x2  
  54  4:37  Overseer  
  54  4:40  Roach x3  
  54  4:42  Glial Reconstitution  
  54  4:43  Zerg Missile Weapons Level 1  
  60  4:47  Roach x2  
  64  4:56  Drone x3  
  67  5:03  Drone x7  
  67  5:04  Drone  
  75  5:17  Drone  
  75  5:19  Overlord  
  76  5:31  Overlord x2  
  76  5:32  Overlord  
  76  5:35  Hydralisk Den  
  75  5:39  Drone x4  
  75  5:42  Evolution Chamber  
  78  5:49  Drone x5  
  83  5:57  Extractor, Overlord  
  83  5:59  Extractor  
  83  6:02  Hatchery, Overlord  
  80  6:07  Drone x2  
  82  6:19  Zerg Ground Armor Level 1  
  82  6:20  Muscular Augments  
  82  6:30  Drone x12  
  94  6:40  Queen  
  94  6:46  Infestation Pit  
  95  6:47  Extractor  
  95  6:49  Drone x3  
  97  6:58  Drone x11  
  108  7:04  Hatchery  
  108  7:07  Overlord x2  
  107  7:15  Hydralisk x5  
  107  7:17  Overlord x3  
  107  7:18  Hydralisk  
  119  7:30  Hydralisk x4  
  119  7:31  Hydralisk x2, Grooved Spines  
  119  7:33  Hive  
  130  7:42  Hydralisk x4  
  133  7:55  Extractor, Drone x3  
  133  7:56  Extractor, Drone  
  135  7:59  Overlord x4  
  135  8:00  Hydralisk x5  
  145  8:17  Hydralisk x8  
  145  8:18  Hydralisk  
  163  8:22  Unknown  
  162  8:28  Zerg Ground Armor Level 2, Zerg Missile Weapons Level 2  
  162  8:34  Overlord  
  162  8:36  Hydralisk x7  
  162  8:39  Hydralisk  
  178  8:42  Hydralisk  
  178  8:46  Hydralisk x2  
  184  8:49  Hydralisk  
  184  8:51  Hydralisk  
  188  8:57  Hydralisk x3  
  188  9:00  Hydralisk  
  188  9:02  Hydralisk  
  198  9:05  Hydralisk  
  200  9:23  Spore Crawler  
  199  9:25  Spine Crawler  
  199  9:26  Spine Crawler  
  199  9:28  Drone x3  
  200  9:31  Spore Crawler  
  200  9:33  Spine Crawler  
  200  9:34  Spine Crawler  
  200  9:37  Drone x2  
  200  9:38  Drone  
  195  9:41  Spore Crawler  
  195  9:42  Spine Crawler x2  
  178  9:51  Spore Crawler  
  177  9:54  Spine Crawler  
  177  9:57  Drone  
  177  10:05  Drone x3  
  177  10:06  Drone  
  179  10:07  Drone x2  
  179  10:09  Drone x2  
  179  10:10  Drone x2  
  163  10:31  Spore Crawler  
  163  10:32  Spine Crawler x2  
  160  10:40  Hydralisk x15  
  190  10:50  Hydralisk  
  190  10:54  Hydralisk x3  
Tags
 
Add a new tag
Caveats
  • Supply blocks, unpowered buildings, or Contaminate may cause inaccurate times.
  • Supply counts are checked every 10 seconds.